Map: Disco Bloodbath LE

Players

MooEsqoo

  • Race: Protoss Protoss
  • Spawn Location: 9:00

Nigrnog - Winner!

  • Race: Terran Terran
  • Spawn Location: 3:00

VOD

Have the link to the VOD?

Description

Time

  • Played on: Oct. 19, 2019, 2:38 p.m.
  • Length: 8:07
Show
View Real Time Build Order
Export as new Build Order

MooEsqoo Protoss 

Build Orders:  

Get SALT Encoding   

  12  0:11  Probe  
  13  0:23  Probe  
  14  0:35  Probe  
  15  0:59  Pylon  
  15  1:17  Probe  
  16  1:19  Nexus  
  16  1:29  Probe  
  17  1:41  Probe  
  17  1:42  Pylon  
  17  1:53  Probe  
  18  2:01  Gateway  
  18  2:05  Probe  
  19  2:17  Probe  
  20  2:33  Probe  
  21  2:45  Probe  
  21  2:49  Zealot  
  24  2:58  Probe  
  22  3:10  Probe  
  22  3:16  Zealot  
  22  3:17  Cybernetics Core  
  24  3:22  Probe  
  23  3:43  Zealot  
  25  3:49  Probe  
  25  4:01  Probe  
  25  4:10  Zealot  
  25  4:13  Assimilator, Probe  
  27  4:26  Probe  
  27  4:37  Probe  
  27  4:38  Zealot, Probe  
  31  4:49  Probe  
  31  4:51  Probe  
  33  5:01  Probe  
  33  5:03  Probe  
  33  5:05  Zealot  
  37  5:13  Probe  
  36  5:15  Probe  
  36  5:18  Pylon  
  37  5:25  Probe  
  37  5:28  Probe  
  36  5:40  Probe  
  33  5:57  Stalker  
  20  6:27  Stalker  
  22  6:57  Stalker  
  24  7:23  Probe  
  24  7:27  Zealot  
  27  7:35  Probe  
  18  7:47  Probe  
Show
View Real Time Build Order
Export as new Build Order

Nigrnog Terran - Winner!

Build Orders:  

Get SALT Encoding   

  12  0:01  SCV  
  13  0:15  Supply Depot  
  13  0:18  SCV  
  14  0:30  SCV  
  14  0:31  Refinery  
  15  0:37  Refinery  
  15  0:49  Barracks  
  15  0:54  SCV  
  16  1:06  SCV  
  17  1:18  SCV  
  18  1:30  SCV  
  19  1:42  SCV  
  19  1:46  Reaper  
  21  1:54  SCV  
  21  1:58  Barracks  
  22  2:06  SCV  
  23  2:20  Barracks  
  23  2:37  Supply Depot  
  23  2:43  Orbital Command  
  23  2:58  Reaper  
  24  3:06  Supply Depot  
  24  3:30  Reaper  
  25  3:53  Reaper x2  
  27  4:02  Reaper  
  28  4:25  Reaper x2  
  30  4:35  Reaper  
  30  4:45  Barracks  
  30  4:57  Reaper x2  
  32  5:01  Command Center  
  32  5:06  Command Center  
  33  5:07  Reaper  
  33  5:16  Supply Depot  
  33  5:29  Reaper  
  33  6:33  SCV  
  34  6:42  SCV  
  34  6:45  SCV  
  36  6:54  SCV  
  36  6:55  Barracks Reactor  
  36  6:56  Barracks Tech Lab  
  36  6:57  SCV  
  36  6:59  Barracks Reactor  
  38  7:06  SCV x2  
  40  7:09  SCV  
  40  7:14  Refinery  
  41  7:18  SCV x2  
  41  7:21  SCV  
  44  7:30  SCV x2  
  46  7:42  SCV x2  
  48  7:54  SCV  
Tags
 
Add a new tag
Caveats
  • Supply blocks, unpowered buildings, or Contaminate may cause inaccurate times.
  • Supply counts are checked every 10 seconds.